 Dungeon Crawl Stone Soup version 0.18.1-50-g88ac8fd (webtiles) character file.

74 Autismocles the Ducker (level 4, -2/44 HPs)
             Began as a Troll Fighter on Sept 25, 2016.
             Slain by a gnoll
             ... wielding a +0 spear
              (5 damage)
             ... on level 3 of the Dungeon.
             The game lasted 00:04:48 (1274 turns).

Autismocles the Ducker (Troll Fighter)              Turns: 1274, Time: 00:04:48

Health: -2/44      AC:  6    Str: 30    XL:     4   Next: 10%
Magic:  3/3        EV:  8    Int:  4    God:
Gold:   37         SH:  9    Dex:  9    Spells: 0 memorised, 3 levels left

rFire  . . .     SeeInvis .     a - +0 flail
rCold  . . .     Gourm    +     b - +0 robe
rNeg   . . .     Faith    .     c - +0 shield
rPois  .         Spirit   .     (helmet restricted)
rElec  .         Dismiss  .     s - +0 cloak
rCorr  .         Reflect  .     (gloves unavailable)
SustAt .         Harm     .     (boots unavailable)
MR     .....                    (no amulet)
Stlth  +.........               (no ring)
                                (no ring)

@: mighty, not resistant to hostile enchantments, very unstealthy
A: unfitting armour, claws 3, fast metabolism 3, gourmand, regeneration 2,
shaggy fur 1, tough skin 2
a: no special abilities


You were on level 3 of the Dungeon.
You were very full.

You visited 1 branch of the dungeon, and saw 3 of its levels.

You collected 37 gold pieces.

Inventory:

Hand Weapons
 a - a +0 flail (weapon)
Missiles
 e - 86 stones (quivered)
 p - 17 sling bullets
 u - 17 arrows
Armour
 b - a +0 robe (worn)
 c - a +0 shield (worn)
 s - a +0 cloak (worn)
Wands
 o - a wand of lightning (9/15)
Scrolls
 j - 4 scrolls of identify {unknown}
 l - a scroll of random uselessness {unknown}
 n - a scroll of teleportation {unknown}
 r - a scroll of recharging {unknown}
 w - a scroll of noise {unknown}
Potions
 i - 2 potions of degeneration {unknown}
 m - a potion of agility {unknown}
 q - a potion of beneficial mutation {unknown}
 v - 2 potions of flight {unknown}
 x - a potion of brilliance {unknown}
Comestibles
 f - 3 bread rations
 g - a meat ration
 h - a slice of pizza
 k - a chunk of flesh
 t - a royal jelly


   Skills:
 + Level 2.9 Fighting
 + Level 2.1 Maces & Flails
 + Level 3.2 Dodging
 + Level 0.1 Stealth
 + Level 2.8 Shields


You had 3 spell levels left.
You didn't know any spells.

Dungeon Overview and Level Annotations

Branches:
Dungeon (3/15)

Altars:


Innate Abilities, Weirdness & Mutations

You are too large for most types of armour.
You have claws for hands.
Your metabolism is lightning-fast.
You like to eat raw meat.
You heal very quickly.
You are covered in fur (AC +1).
You have very tough skin (AC +2).


Message History

You bludgeon the gnoll!!
You kill the gnoll!
You have reached level 4!
There is a stone staircase leading down here.
The giant newt bites you but does no damage.
You climb downwards.
A hobgoblin and an orc come into view.
The orc shouts!
You hear a shout!
The hobgoblin shouts!
You hear a shout!
There is a stone staircase leading up here.
You are too injured to fight recklessly!
You block the giant newt's attack.
You barely miss the giant newt. You block the giant newt's attack.
The orc hits you.
* * * LOW HITPOINT WARNING * * *
A gnoll comes into view. It is wielding a spear.
You sock the orc!
You kill the orc!
The giant newt barely misses you.
The gnoll hits you from afar with a spear.
You die...

... #.. ##..
#... .g. #g###
#...#######
#<@.......
...g...#l#######
######.#.# #.#..
#.#... #.#....
#.#.#### #....


You could see a gnoll, a hobgoblin, a goblin and a giant newt.

Vanquished Creatures
  An adder (D:2)
  2 gnolls (D:2)
  A giant gecko (D:1)
  An orc (D:3)
  4 giant cockroaches
  4 hobgoblins (D:1)
  6 kobolds
  A ball python (D:1)
  5 bats (D:1)
  A giant newt (D:1)
  7 goblins
  12 rats
45 creatures vanquished.

Notes
Turn   | Place    | Note
--------------------------------------------------------------
     0 | D:1      | Autismocles the Troll Fighter began the quest for the Orb.
     0 | D:1      | Reached XP level 1. HP: 22/22 MP: 0/0
   194 | D:1      | Reached XP level 2. HP: 19/29 MP: 1/1
   565 | D:1      | Reached XP level 3. HP: 31/36 MP: 2/2
  1052 | D:1      | Reached skill level 3 in Dodging
  1263 | D:2      | HP: 1/36 [gnoll/whip (6)]
  1265 | D:2      | Reached XP level 4. HP: 2/44 MP: 3/3
  1273 | D:3      | HP: 2/44 [orc (5)]
  1274 | D:3      | Slain by a gnoll

Skill      XL: |  1  2  3 |
---------------+----------+-----
Maces & Flails | 2 |  2.1
Dodging        | 3 |  3.2
Fighting       | |  2.9
Stealth        | |  0.1
Shields        | |  2.8

Action                   |  1- 3 |  4- 6 || total
-------------------------+-------+-------++-------
Melee: Flail             |   167 |     2 ||   169
  Use: Potion            |     1 |       ||     1
 Stab: Sleeping          |     1 |       ||     1
  Eat: Chunk             |    17 |       ||    17
Armor: Robe              |    84 |     1 ||    85
Dodge: Dodged            |    82 |     1 ||    83
Block: Shield            |   119 |     2 ||   121
